 Dungeon Crawl Stone Soup version 0.31-a0-1591-g515db51633 (webtiles) character file.

Game seed: 9078649859796265916

127 bmb222 the Trooper (level 4, 0/37 HPs)
             Began as a Demonspawn Chaos Knight on Jan 6, 2024.
             Was a Plaything of Xom.
             Succumbed to an orc wizard's poison
             ... on level 3 of the Dungeon.
             The game lasted 00:01:35 (1607 turns).

bmb222 the Trooper (Demonspawn Chaos Knight)        Turns: 1607, Time: 00:01:36

Health: 0/37       AC:  8    Str: 14    XL:     4   Next: 85%
Magic:  4/4        EV: 11    Int: 12    God:    Xom [..*...]
Gold:   109        SH:  0    Dex: 13    Spells: 3/3 levels left

rFire   . . .        a - +0 hand axe (chaos)
rCold   . . .        (no shield)
rNeg    . . .        b - +2 leather armour
rPois   .            (no helmet)
rElec   .            (no cloak)
rCorr   .            g - +2 pair of gloves
SInv    .            (no boots)
Will    .....        (no amulet)
Stlth   +            (no ring)
HPRegen 0.26/turn    (no ring)
MPRegen 0.09/turn

%: no passive effects
@: lethally poisoned (0 -> -10)
A: demonic magic 1, weakness stinger 1, noise suppression
a: Renounce Religion


You were on level 3 of the Dungeon.
You worshipped Xom.
You were a toy of Xom.
You visited 1 branch of the dungeon, and saw 3 of its levels.

You collected 109 gold pieces.

Inventory:

Hand Weapons
 a - a +0 hand axe of chaos (weapon)
Armour
 b - a +2 leather armour (worn)
 g - a +2 pair of gloves (worn)
Scrolls
 c - a scroll of butterflies
 d - a scroll of fear {unknown}
 h - 5 scrolls of identify {unknown}
 j - a scroll of noise {unknown}
 k - a scroll of amnesia {unknown}
 l - a scroll of immolation
 n - a scroll of revelation {unknown}
 p - a scroll of brand weapon {unknown}
 r - a scroll of enchant armour {unknown}
Potions
 e - a potion of curing {unknown}
 f - a potion of heal wounds {unknown}
 i - a potion of attraction {unknown}
 o - a potion of berserk rage {unknown}
 q - a potion of magic {unknown}


   Skills:
 + Level 3.8 Fighting
 * Level 3.8 Axes
 + Level 2.7 Armour
 - Level 1.4 Dodging


You had 3 spell levels left.
You didn't know any spells.
Your spell library was empty.

Dungeon Overview and Level Annotations

Branches:
Dungeon (3/15)

Altars:


Innate Abilities, Weirdness & Mutations

Spells you cast may paralyse adjacent enemies.
You have a small tail.
You passively dampen the noise of your surroundings.


Message History

The orc wizard is almost dead.
You feel very sick.
The orc wizard points at you and mumbles some strange words.
The puff of flame hits you.
You are too injured to fight recklessly!
An orc wizard is nearby!
You are too injured to fight recklessly!
An orc wizard is nearby!
You are too injured to fight recklessly!
An orc wizard is nearby!
You are too injured to fight recklessly!
Unknown command.
An orc wizard is nearby!
You are too injured to fight recklessly!
You closely miss the orc wizard.
The orc wizard is severely wounded.
You feel very sick.
The orc wizard hits you but does no damage.
You are lethally poisoned!
You hit the orc wizard but do no damage.
The orc wizard is severely wounded.
* * * LOW HITPOINT WARNING * * *
You feel very sick.
The orc wizard falters for a moment.
You miss the orc wizard.
The orc wizard is severely wounded.
* * * LOW HITPOINT WARNING * * *
You feel very sick. The orc wizard casts a spell at you.
The magic dart hits you.
* * * LOW HITPOINT WARNING * * *
The orc wizard points at you and mumbles some strange words.
The puff of flame hits you.
* * * LOW HITPOINT WARNING * * *
It was a potion of mutation.
You feel extremely strange.
You feel weaker.
You feel stronger.
You feel your surroundings grow quieter.
Xom roars with laughter!
You die...
Xom giggles madly!

#......# ## #......# #.
. #......# ## ..
#......###### . .###
#...........# ### ...
... ##..).......# . ...
....##.###..........# #
..
......†)##..........####
###.#
......)@................
.....
......o###.........#####
....# # .....##
#.........#
..#.#.#######
#.........# .<.......
#.........# ...#####.
#.........# ### .....#
.. #.........# #..
....####... #........#
#.. ...........
........# #..


You could see an orc wizard (magic disrupted).

Vanquished Creatures
  2 gnolls (D:2)
  2 adders (D:3)
  2 dart slugs
  A ribbon worm (D:2)
  5 orcs (D:3)
  3 ball pythons
  5 endoplasms
  2 giant cockroaches
  6 goblins
  4 hobgoblins
  2 jackals (D:2)
  3 quokkas
  6 bats
  4 frilled lizards
  5 kobolds
  2 rats
54 creatures vanquished.

Vanquished Creatures (collateral kills)
  2 gnolls (D:2)
2 creatures vanquished.

Grand Total: 56 creatures vanquished

Notes
Turn   | Place    | Note
-------+----------+-------------------------------------------
     0 | D:1      | bmb222 the Demonspawn Chaos Knight began the quest for the
                  | Orb.
     0 | D:1      | Reached XP level 1. HP: 18/18 MP: 1/1
    78 | D:1      | Reached skill level 1 in Dodging
   117 | D:1      | XOM: smoke on damage
   119 | D:1      | Gained mutation: Spells you cast may paralyse adjacent
                  | enemies. [demonic ancestry]
   119 | D:1      | Reached XP level 2. HP: 17/24 MP: 2/2
   293 | D:1      | XOM: silly message
   383 | D:1      | XOM: silly message
   541 | D:2      | Discovered your monstrous ancestry.
   541 | D:2      | Gained mutation: You have a small tail. [demonic ancestry]
   541 | D:2      | Reached XP level 3. HP: 29/29 MP: 3/3
   727 | D:2      | HP: 1/29 [gnoll/+0 halberd (9)]
   728 | D:2      | Reached XP level 4. HP: 1/35 MP: 4/4
   882 | D:2      | Found a faded altar of an unknown god.
  1206 | D:2      | XOM: silly message
  1607 | D:3      | Gained mutation: You are weak. (Str -2) [potion of
                  | mutation]
  1607 | D:3      | Lost mutation: You are weak. (Str -2) [potion of mutation]
  1607 | D:3      | Gained mutation: You passively dampen the noise of your
                  | surroundings. [potion of mutation]
  1607 | D:3      | Succumbed to an orc wizard's poison

Illustrated notes

Levels and vault maps discovered:
D:1:      sevenhm_arrival_forest_fort_small_4, layout_basic, minmay_pentomino_u2
D:2:      layout_rooms, hellmonk_ecumenical_altar_blasted
D:3:      layout_basic, minivault_19, minivault_24

Skill      XL: |  1  2 |
---------------+-------+-----
Dodging        | 1 |  1.4
Armour         | 2 |  2.7
Axes           | 3 |  3.8
Fighting       | |  3.8

Action                     |  1- 3 |  4- 6 || total
---------------------------+-------+-------++-------
  Melee: Hand axe          |    85 |    67 ||   152
         Tailslap          |     5 |     7 ||    12
    Use: Potion            |       |     1 ||     1
 Armour: Leather armour    |    57 |    38 ||    95
  Dodge: Dodged            |    61 |    39 ||   100

Table legend: (Time is in decaauts)
 A = Elapsed time spent in this place.
 B = Non-inter-level travel time spent in this place.
 C = Inter-level travel time spent in this place.
 D = Time resting spent in this place.
 E = Time spent auto-exploring this place.
 F = Levels seen in this place.
 G = Mean time per level.
                   A        B        C        D        E       F      G
               +--------+--------+--------+--------+--------+-----+--------+
         Total |   1629 |   1568 |     61 |    142 |   1041 |   3 |  543.0 |
       Dungeon |   1629 |   1568 |     61 |    142 |   1041 |   3 |  543.0 |
               +--------+--------+--------+--------+--------+-----+--------+

Top non-repeatable levels by time:
     D:2: 708 daAuts
     D:1: 522 daAuts
     D:3: 398 daAuts
